 Dungeon Crawl Stone Soup version 0.19.5 (webtiles) character file.

551154 Leszczynek the Shatterer (level 26, -1/275 (279) HPs)
             Began as an Ogre Summoner on May 6, 2017.
             Was the Champion of Okawaru.
             Slain by an emperor scorpion (4 damage)
             ... summoned by a greater mummy
             ... on level 1 of the Tomb of the Ancients on May 7, 2017.
             The game lasted 04:40:01 (40317 turns).

Leszczynek the Shatterer (Ogre Summoner)           Turns: 40317, Time: 04:40:02

HP:   -1/275 (279)  AC: 20    Str: 24      XL:     26   Next: 32%
MP:   35/35         EV: 16    Int: 12 (16) God:    Okawaru [******]
Gold: 1595          SH:  0    Dex: 15      Spells: 14 memorised, 6 levels left

rFire  + + .     SeeInvis +     c - +9 giant spiked club of Kajir {god gift, elec, rElec rC++ Str+3}
rCold  + . .     Gourm    .     K - +5 fire dragon scales
rNeg   + + +     Faith    .     (shield currently unavailable)
rPois  +         Spirit   .     V - +1 hat {SInv}
rElec  +         Reflect  .     k - +0 cloak "Meuzonet" {god gift, rElec rN++}
rCorr  .         Harm     .     (gloves unavailable)
MR     +++..                    (boots unavailable)
Stlth  ..........               j - amulet of regeneration
                                z - ring of positive energy
                                H - ring of protection from magic

@: silence (expiring), repel missiles
A: unfitting armour, low mp 1, mutation resistance 1, poison resistance, tough
skin 1
a: Renounce Religion
}: 3/15 runes: decaying, silver, gossamer


You were on level 1 of the Tomb of the Ancients.
You worshipped Okawaru.
Okawaru was exalted by your worship.
You were hungry.

You visited 11 branches of the dungeon, and saw 49 of its levels.
You also visited: Ossuary, Ice Cave and Volcano.

You collected 7499 gold pieces.
You spent 5904 gold pieces at shops.

Inventory:

Hand Weapons
 a - a +9 vampiric giant club
 c - the +9 giant spiked club of Kajir (weapon) {god gift, elec, rElec rC++ Str+3}
   (Okawaru gifted it to you on level 4 of the Vaults)

   Occasionally, upon striking a foe, it will discharge some electrical energy
   and cause terrible harm.
   It affects your strength (+3).
   It greatly protects you from cold.
   It insulates you from electricity.
 x - a +9 blowgun
Missiles
 b - 8 javelins of penetration {god gift}
 J - 11 needles of paralysis {god gift}
 M - 3 throwing nets
 P - 112 large rocks (quivered)
 X - 28 needles of confusion
Armour
 k - the +0 cloak "Meuzonet" (worn) {god gift, rElec rN++}
   (Okawaru gifted it to you on level 1 of the Elven Halls)

   It insulates you from electricity.
   It greatly protects you from negative energy.
 K - +5 fire dragon scales (worn)
 V - a +1 hat of see invisible (worn)
Jewellery
 i - an uncursed ring of protection from cold
 j - an amulet of regeneration (around neck)
 z - a ring of positive energy (right hand)
 F - an uncursed ring of protection from fire
 H - a ring of protection from magic (left hand)
 N - an uncursed ring of resist corrosion
 U - the ring of Robustness {AC+8}
   (You found it on level 3 of the Crypt)

   [ring of protection]

   It affects your AC (+8).
 Y - a +4 ring of evasion
Wands
 g - a wand of hasting (2/9)
 v - a wand of digging (20/24)
 G - a wand of heal wounds (7/9)
 L - a wand of hasting (5/9)
 Q - a wand of confusion (32/48)
 R - a wand of teleportation (5/9)
Scrolls
 h - 4 scrolls of identify {@r1}
 m - 5 scrolls of recharging
 o - 20 scrolls of remove curse {@r2}
 r - 6 scrolls of blinking
 t - 9 scrolls of fog
 y - 14 scrolls of teleportation
 I - 6 scrolls of magic mapping
Potions
 e - 10 potions of ambrosia
 f - 4 potions of cure mutation {!q}
 l - 2 potions of cancellation
 p - 4 potions of resistance
 q - 4 potions of agility
 s - 10 potions of heal wounds {@q2}
 u - 4 potions of magic
 A - a potion of invisibility
 C - 15 potions of curing {@q1}
 E - 6 potions of flight
 S - 8 potions of lignification {!q}
 T - 8 potions of berserk rage {!q}
 W - 5 potions of might
 Z - 2 potions of haste
Miscellaneous
 n - a phial of floods
 B - a sack of spiders
 D - 4 boxes of beasts
 O - a lamp of fire
Comestibles
 d - 24 bread rations
 w - 24 meat rations


   Skills:
 - Level 19.0 Fighting
 + Level 24.2 Maces & Flails
 - Level 18.0 Throwing
 - Level 10.0 Armour
 - Level 14.7 Dodging
 - Level 1.4 Stealth
 - Level 12.2 Spellcasting
 - Level 5.6 Conjurations
 - Level 10.2 Hexes
 - Level 6.6 Charms
 - Level 6.0 Summonings
 - Level 5.1 Necromancy
 * Level 6.5 Translocations
 - Level 5.5 Transmutations
 - Level 10.0 Air Magic
 - Level 10.1 Invocations
 - Level 8.6 Evocations


You had 6 spell levels left.
You knew the following spells:

 Your Spells              Type           Power        Failure   Level  Hunger
a - Spectral Weapon       Hex/Chrm       ####....     2%          3    #......
b - Malign Gateway        Summ/Tloc      ###.......   100%        7    #######
c - Song of Slaying       Chrm           ###.....     2%          2    None
d - Animate Skeleton      Necr           N/A          2%          1    None
e - Summon Butterflies    Summ           ###.....     1%          1    None
f - Summon Mana Viper     Hex/Summ       ####....     24%         5    #####..
g - Irradiate             Conj/Tmut      ###.......   71%         5    #####..
h - Silence               Hex/Air        ####......   12%         5    #####..
i - Passage of Golubria   Tloc           N/A          17%         4    ###....
q - Regeneration          Chrm/Necr      ###.......   10%         3    #......
w - Repel Missiles        Chrm/Air       ####..       1%          2    None
A - Apportation           Tloc           ###.......   1%          1    None
B - Blink                 Tloc           N/A          2%          2    None
P - Swiftness             Chrm/Air       ####....     1%          2    None


Dungeon Overview and Level Annotations

Branches:
Dungeon (15/15)            Temple (1/1) D:6            Lair (6/6) D:11
  Swamp (4/4) Lair:4       Spider (4/4) Lair:4        Slime (0/5) Lair:6
    Orc (2/2) D:12            Elf (3/3) Orc:2        Vaults (5/5) D:14
  Crypt (3/3) Vaults:2       Tomb (1/3) Crypt:3      Depths (5/5) D:15
    Zot (0/5) Depths:5

Altars:
Ashenzari
Cheibriados
Elyvilon
Gozag
Hepliaklqana
Kikubaaqudgha
Makhleb
Nemelex Xobeh
Okawaru
Qazlal
Ru
Sif Muna
Trog
Vehumet
The Shining One
Beogh
Jiyva
Lugonu

Shops:
D:10 :   D:11 :   Orc:1 :   Orc:2 ([=*   Elf:1 *   Elf:3 ?   Vaults:1 (
Depths:2 }   Depths:3 ([[![   Depths:5 [

Portals:
Hell: Depths:1 Depths:2 Depths:3 Depths:4 Depths:5
Abyss: Depths:4
Pandemonium: Depths:1 Depths:3
Ziggurat: Depths:1

Annotations:
D:3 Leszczynek's ghost, amateur OgSu
D:5 exclusion: sky beast
D:8 eels
D:12 lightning bolt ghost, orc
Lair:3 exclusion: ice statue
Spider:2 azrael


Innate Abilities, Weirdness & Mutations

You are too large for most types of armour.
You have tough skin. (AC +1)
Your magical capacity is low. (-10% MP)
You are somewhat resistant to further mutation.
Your system is resistant to poisons. (rPois)


Message History

The ushabti shakes and rattles.
The vile air hits you! The soul eater hits you!
* * * LOW HITPOINT WARNING * * *
Unknown command.
Okay, then.
The greater mummy hits you!
* * * LOW HITPOINT WARNING * * *
The emperor scorpion misses you.
The emperor scorpion claws you but does no damage. x2
The emperor scorpion stings you.
* * * LOW HITPOINT WARNING * * *
The emperor scorpion completely misses you.
The emperor scorpion claws you!
* * * LOW HITPOINT WARNING * * *
The emperor scorpion closely misses you.
The emperor scorpion claws you.
* * * LOW HITPOINT WARNING * * *
The emperor scorpion claws you.
You die...

#............
#.............
#...........8.
#.............
####.......(.....
...........(....
...(...s(.......
#(..s@M8#
##'['s§##
#.(..§3s#
#.8.§.8.#
#..§....#
#.§.....#
#§8...8.#
#.......#
#.......#


You could see a greater mummy, 4 emperor scorpions, a soul eater and 2 ushabtiu.

Vanquished Creatures
  An ancient lich (Crypt:3)
  Mara (D:15)
  A greater mummy (Tomb:1)
  Sojobo (Depths:1)
  Bai Suzhen (Depths:2)
  Frederick (Crypt:3)
  Xtahua (Crypt:3)
  4 caustic shrikes (Depths:4)
  5 golden dragons
  2 bone dragons
  The ghost of Frank the Hoplite, a veteran GrFi of the Shining One (Vaults:5)
  5 tentacled monstrosities
  A large abomination (Vaults:5)
  8 liches
  An Ice Fiend (IceCv)
  2 quicksilver dragons (Vaults:5)
  2 deep elf blademasters (Elf:3)
  A titan (Vaults:5)
  Asterion (Depths:1)
  A deep elf master archer (Elf:3)
  2 ancient champions
  14 sphinxes
  7 thorn hunters
  Kirke (Swamp:4)
  Donald (Swamp:1)
  A revenant (Crypt:3)
  2 storm dragons (Depths:5)
  4 shadow dragons (Vaults:5)
  7 tengu reavers
  A draconian monk (Depths:5)
  12 fire giants
  22 vault wardens
  7 frost giants
  Aizul (Vaults:2)
  Louise (Elf:2)
  6 deep elf sorcerers
  The ghost of asdu the Stormcaller, an adept TeAE of Vehumet (D:12)
  A curse skull (Crypt:3)
  3 ghost moths (Spider:4)
  An orc warlord (Orc:2)
  18 ironheart preservers
  2 emperor scorpions (Spider:4)
  6 war gargoyles
  5 ghouls
  4 deep elf elementalists
  11 very ugly things
  2 draconian callers (Depths:5)
  21 stone giants
  6 deep elf demonologists
  3 vampire knights
  Nessos (Lair:5)
  2 bennus (Tomb:1)
  A green draconian (Depths:5)
  A white draconian (Depths:5)
  A purple draconian (Depths:5)
  8 deep elf annihilators
  Azrael (Spider:2)
  7 spark wasps
  3 yellow draconians (Depths:5)
  4 eidola
  A green death (Depths:1)
  14 fire dragons
  10 deep elf death magi
  4 mummy priests (Tomb:1)
  A merfolk javelineer (Depths:2)
  11 ettins
  2 jiangshi (Crypt:1)
  3 deep elf high priests
  A great orb of eyes (shapeshifter) (Depths:4)
  8 great orbs of eyes
  Erolcha (D:9)
  2 quicksilver dragon skeletons (Crypt:3)
  17 yaktaur captains
  22 hydras
  2 rakshasas
  The ghost of simples the Carver, a journeyman FoAK of Lugonu (IceCv)
  19 ice dragons
  A ghost crab (Swamp:2)
  39 vault guards
  2 spriggan air magi (Depths:5)
  3 catoblepae (Lair:6)
  18 death yaks
  6 alligators
  15 centaur warriors
  13 dancing weapons
  2 death knights
  14 ogre magi
  9 deep troll shamans
  10 tengu warriors
  3 vampire magi
  A hell hog (shapeshifter) (Vaults:5)
  12 deep troll earth magi
  4 orc high priests
  Urug (D:11)
  Nergalle (Lair:1)
  7 hell knights
  3 spriggan berserkers
  7 deep elf knights
  A shadow wraith (Vaults:4)
  A soul eater (Depths:1)
  4 iron trolls
  A titan skeleton (Crypt:3)
  13 skeletal warriors
  4 unseen horrors
  A glowing orange brain (shapeshifter) (Vaults:4)
  A spriggan druid (Swamp:4)
  19 ironbrand convokers
  41 deep trolls
  5 flayed ghosts
  10 swamp dragons
  2 shambling mangroves
  3 glowing orange brains
  13 deep elf archers
  10 orc knights
  6 wizards
  A wolf spider zombie (D:12)
  6 phantasmal warriors
  9 orb spiders
  6 hill giants
  10 harpies
  3 manticores
  6 necromancers
  7 orc sorcerers
  21 wolf spiders
  31 ugly things
  64 deep elf magi
  2 salamanders (Volcano)
  5 cyclopes
  A tengu skeleton (Vaults:5)
  4 moths of wrath
  8 elephants
  A stone giant zombie (Vaults:5)
  5 ice statues
  9 fire giant skeletons (Crypt:3)
  2 naga magi (D:15)
  A spriggan skeleton (Depths:2)
  16 vault sentinels
  5 spectral swamp worms (Depths:5)
  A stone giant skeleton (Crypt:2)
  11 black mambas
  A torpor snail (shapeshifter) (Depths:3)
  A torpor snail (Spider:2)
  A white draconian zombie (Crypt:2)
  4 gargoyles (Crypt:3)
  A kobold demonologist (D:10)
  7 spiny frogs
  An elf skeleton (Vaults:5)
  5 komodo dragons
  8 demonic crawlers
  6 rime drakes
  9 freezing wraiths
  72 yaktaurs
  5 ice devils (IceCv)
  A tengu conjurer (Depths:1)
  A red devil (Depths:1)
  A spark wasp simulacrum (Depths:2)
  9 guardian mummies
  A hydra zombie (Crypt:3)
  10 trolls
  A merfolk (D:11)
  A meliai (D:14)
  2 meliai (shapeshifter)
  2 queen bees (shapeshifter)
  A hornet (shapeshifter) (Vaults:3)
  2 wind drakes (shapeshifter)
  12 jumping spiders
  A two-headed ogre (shapeshifter) (Depths:3)
  7 tyrant leeches
  2 polar bears
  25 two-headed ogres
  10 blink frogs
  An ice dragon zombie (Crypt:3)
  46 slime creatures
  A harpy skeleton (Crypt:3)
  7 hippogriffs
  8 bog bodies
  18 hornets
  A minotaur skeleton (Crypt:2)
  An ettin zombie (Crypt:3)
  2 meliai zombies (D:15)
  A hippogriff (shapeshifter) (Vaults:3)
  6 shadows
  8 fire dragon skeletons (Crypt:3)
  34 redbacks
  14 tarantellas
  An alligator skeleton (Crypt:3)
  A tarantella (shapeshifter) (Depths:2)
  6 water elementals
  A flying skull (Vaults:2)
  2 spriggans (shapeshifter)
  6 spriggans
  5 air elementals
  5 wraiths
  A wind drake zombie (Crypt:2)
  An ettin skeleton (Crypt:3)
  22 yaks
  A hog (shapeshifter) (Vaults:1)
  10 wyverns
  10 fire bats (Volcano)
  3 ushabtiu (Tomb:1)
  14 vampire mosquitoes
  3 basilisks
  2 hungry ghosts
  A spriggan simulacrum (Depths:2)
  5 fire elementals
  3 hogs (Swamp:4)
  A chaos spawn (Depths:1)
  5 steam dragons
  11 swamp worms
  5 insubstantial wisps
  A human simulacrum (Vaults:5)
  6 mottled dragons
  A water moccasin (shapeshifter) (Vaults:2)
  4 wargs
  7 hell hounds
  3 soldier ants
  12 water moccasins
  A merfolk skeleton (Crypt:1)
  3 porcupines
  A spiny frog skeleton (Crypt:3)
  4 ice beasts
  37 orc warriors
  10 swamp drakes
  4 sky beasts
  A black bear (Lair:2)
  An ettin simulacrum (Vaults:3)
  An eye of draining (D:11)
  4 necrophages
  3 phantoms
  69 ogres
  2 boggarts
  An eye of draining (shapeshifter) (Depths:2)
  A tengu (shapeshifter) (Vaults:5)
  19 centaurs
  8 crocodiles
  A blink frog skeleton (Crypt:1)
  5 big kobolds
  15 bullfrogs
  2 gnoll sergeants (D:8)
  A wyvern zombie (D:14)
  7 earth elementals
  2 wyvern skeletons
  A scorpion (D:11)
  14 killer bees
  2 troll skeletons
  9 wights
  3 howler monkeys
  7 electric eels
  A raiju skeleton (Crypt:1)
  11 crimson imps
  5 hounds
  A human zombie (Crypt:3)
  6 jellies
  3 bullfrog skeletons
  A bullfrog zombie (Ossuary)
  9 orc priests
  4 centaur zombies
  10 centaur skeletons
  30 orc wizards
  An iron imp (Depths:5)
  2 iguanas
  8 worker ants
  3 hound skeletons
  12 mummies
  A worker ant zombie (D:9)
  Robin (D:3)
  9 gnolls
  A steam dragon zombie (Crypt:2)
  11 adders
  6 shadow imps
  A steam dragon skeleton (Crypt:1)
  An ooze (D:4)
  2 adder skeletons
  A worm (D:5)
  2 dart slugs
  A leopard gecko (D:8)
  48 orcs
  A ball python (D:3)
  4 giant cockroaches
  A hobgoblin (D:3)
  16 jackals
  7 quokkas
  12 bats
  2 frilled lizards (D:1)
  9 goblins
  A goblin skeleton (D:6)
  A hobgoblin zombie (D:6)
  23 kobolds
  2 kobold zombies (D:6)
  An orc zombie (D:6)
  17 rats
  A river rat skeleton (Crypt:2)
1949 creatures vanquished.

Vanquished Creatures (collateral kills)
  An orc warrior (D:7)
  An ogre (D:7)
  2 bullfrogs (D:6)
  2 scorpions
  2 howler monkeys (D:7)
  2 hounds (D:6)
  2 orc wizards (D:6)
  An iron imp (D:7)
  2 worker ants
  2 mummies
  3 adders
  2 gnolls
  A white imp (D:6)
  An ooze (D:1)
  2 leopard geckos (D:1)
  4 orcs
  A giant cockroach (D:8)
  A hobgoblin (D:3)
  2 jackals
  3 kobolds
  A frilled lizard (D:1)
  4 goblins
  A kobold skeleton (D:6)
43 creatures vanquished.

Vanquished Creatures (others)
  A stone giant (Depths:1)
  An unseen horror (Vaults:1)
  A deep elf mage (Elf:1)
  A demonic crawler (Spider:3)
  2 humans (Swamp:4)
  An ogre (Vaults:5)
  A centaur (Depths:2)
  A mummy (Tomb:1)
  A gnoll (D:8)
  2 orcs
  10 fungi
  11 plants
  21 withered plants
54 creatures vanquished.

Grand Total: 2046 creatures vanquished

Notes
Turn   | Place    | Note
-------+----------+-------------------------------------------
     0 | D:1      | Leszczynek the Ogre Summoner began the quest for the Orb.
     0 | D:1      | Reached XP level 1. HP: 16/16 MP: 3/3
    57 | D:1      | Reached skill level 1 in Fighting
   136 | D:1      | Reached skill level 1 in Maces & Flails
   184 | D:1      | Reached XP level 2. HP: 27/27 MP: 5/5
   201 | D:1      | Learned a level 2 spell: Call Imp
   254 | D:1      | Reached skill level 2 in Maces & Flails
   432 | D:2      | Reached skill level 3 in Maces & Flails
   443 | D:2      | Found a sacrificial altar of Ru.
   499 | D:2      | Reached XP level 3. HP: 27/33 MP: 6/6
   532 | D:2      | Learned a level 3 spell: Call Canine Familiar
   817 | D:3      | Reached skill level 4 in Maces & Flails
   872 | D:3      | Reached XP level 4. HP: 30/41 MP: 4/7
   928 | D:3      | Noticed Leszczynek's ghost (amateur OgSu)
  1032 | D:2      | Found a deep blue altar of Sif Muna.
  1162 | D:3      | Reached skill level 5 in Maces & Flails
  1165 | D:3      | Noticed Robin
  1179 | D:3      | Killed Robin
  1317 | D:4      | Reached XP level 5. HP: 37/48 MP: 5/8
  1449 | D:4      | Got a distressingly furry robe
  1460 | D:4      | Identified the +1 robe of the Forsaken Orbs {MR+} (You found it on level 4 of the Dungeon)
  1625 | D:5      | Entered Level 5 of the Dungeon
  1640 | D:5      | Reached skill level 6 in Maces & Flails
  1722 | D:5      | Noticed a sky beast
  1830 | D:6      | Reached skill level 7 in Maces & Flails
  1888 | D:6      | Reached XP level 6. HP: 46/55 MP: 3/9
  1977 | D:7      | Found a stormy altar of Qazlal.
  1994 | D:6      | Found a staircase to the Ecumenical Temple.
  2008 | Temple   | Entered the Ecumenical Temple
  2043 | Temple   | Became a worshipper of Warmaster Okawaru
  2103 | D:7      | Found a snail-covered altar of Cheibriados.
  2124 | D:7      | Reached skill level 8 in Maces & Flails
  2185 | D:7      | Found a sand-covered staircase.
  2204 | Ossuary  | Entered an ossuary
  2403 | D:6      | Reached skill level 9 in Maces & Flails
  2403 | D:6      | Reached XP level 7. HP: 49/62 MP: 3/10
  2438 | D:6      | Found an iron altar of Okawaru.
  2673 | D:6      | Found a glowing golden altar of the Shining One.
  2675 | D:6      | Reached skill level 2 in Fighting
  2829 | D:5      | Reached * piety under Okawaru
  2829 | D:5      | Reached skill level 10 in Maces & Flails
  3011 | D:6      | Reached skill level 3 in Fighting
  3125 | D:7      | Reached skill level 4 in Fighting
  3174 | D:7      | Reached XP level 8. HP: 77/79 MP: 8/11
  3191 | D:7      | Reached skill level 5 in Fighting
  3198 | D:7      | Noticed a two-headed ogre
  3288 | D:7      | Reached skill level 2 in Dodging
  3340 | D:7      | Killed a two-headed ogre
  3340 | D:7      | Reached skill level 6 in Fighting
  3363 | D:7      | Reached skill level 11 in Maces & Flails
  3396 | D:7      | Reached ** piety under Okawaru
  3397 | D:7      | Reached skill level 3 in Dodging
  3425 | D:7      | Noticed a hippogriff
  3431 | D:7      | Killed a hippogriff
  3522 | D:7      | Reached XP level 9. HP: 86/92 MP: 9/12
  3674 | D:8      | Reached skill level 7 in Fighting
  3674 | D:8      | Reached skill level 12 in Maces & Flails
  3724 | D:8      | Found a faded altar of an unknown god.
  3724 | D:8      | Found a faded altar of an unknown god.
  3730 | D:8      | Found a faded altar of an unknown god.
  3732 | D:8      | Found a faded altar of an unknown god.
  3733 | D:8      | Found an ancient bone altar of Kikubaaqudgha.
  3739 | D:8      | Reached skill level 4 in Dodging
  4220 | D:8      | Reached *** piety under Okawaru
  4258 | D:8      | Reached skill level 1 in Invocations
  4302 | D:8      | Reached skill level 8 in Fighting
  4356 | D:8      | Reached skill level 2 in Invocations
  4381 | D:8      | Reached skill level 13 in Maces & Flails
  4663 | D:9      | Reached XP level 10. HP: 105/105 MP: 13/13
  4797 | D:9      | Reached skill level 3 in Invocations
  4864 | D:9      | Reached **** piety under Okawaru
  4986 | D:9      | Noticed Erolcha
  4996 | D:9      | Reached skill level 9 in Fighting
  5014 | D:9      | Killed Erolcha
  5014 | D:9      | Reached skill level 14 in Maces & Flails
  5014 | D:9      | Reached skill level 4 in Invocations
  5161 | D:9      | Paralysed by a hornet for 3 turns
  5335 | D:9      | Reached skill level 1 in Throwing
  5346 | D:10     | Entered Level 10 of the Dungeon
  5351 | D:10     | Found Japse's Book Shop.
  5368 | D:10     | Found a radiant altar of Vehumet.
  5404 | D:10     | Reached skill level 5 in Invocations
  5521 | D:11     | Found Oxeroatu's Book Emporium.
  5642 | D:11     | Noticed a red ugly thing
  5664 | D:11     | Found a staircase to the Lair.
  5668 | D:11     | Reached ***** piety under Okawaru
  5668 | D:11     | Reached skill level 2 in Throwing
  5685 | D:11     | Reached skill level 10 in Fighting
  5761 | D:11     | Killed a red ugly thing
  5761 | D:11     | Reached skill level 6 in Invocations
  5774 | D:11     | Gained mutation: Your system is resistant to poisons. (rPois) [mutagenic meat]
  5775 | D:11     | Gained mutation: Your magical capacity is low. (-10% MP) [mutagenic meat]
  5776 | D:11     | Gained mutation: You are somewhat resistant to further mutation. [mutagenic meat]
  5776 | D:11     | nice
  5857 | D:11     | Noticed a hill giant
  5859 | D:11     | hill giants
  5859 | D:11     | ha ha
  5859 | D:11     | was 0.19 really so long ago?
  5905 | D:10     | Noticed a kobold demonologist
  5910 | D:10     | Noticed a smoke demon
  5920 | D:9      | Reached XP level 11. HP: 118/118 MP: 14/14
  5977 | D:10     | Reached skill level 3 in Throwing
  6034 | D:10     | Reached skill level 7 in Invocations
  6140 | D:12     | Noticed a six-headed hydra
  6178 | D:12     | Noticed asdu's ghost (adept TeAE)
  6412 | D:10     | Noticed an unseen horror
  6450 | D:10     | Killed an unseen horror
  6450 | D:10     | Reached skill level 4 in Throwing
  6450 | D:10     | Reached skill level 5 in Dodging
  6514 | D:11     | Noticed an unseen horror
  6526 | D:11     | Killed an unseen horror
  6640 | D:11     | ohhohohohohoh
  6640 | D:11     | vamp giant club
  6640 | D:11     | WELL WELL WELL
  6668 | D:12     | Reached skill level 5 in Throwing
  6672 | D:12     | Noticed an unseen horror
  6714 | D:12     | Killed an unseen horror
  6714 | D:12     | Received a gift from Okawaru
  6736 | D:12     | Got a fabulously ornate robe {god gift}
  6749 | D:11     | Identified the +1 robe of Eternity {god gift, *Slow Str+2 Int+2} (Okawaru gifted it to you on level 12 of the Dungeon)
  6850 | D:12     | Killed a six-headed hydra
  6850 | D:12     | Reached skill level 6 in Throwing
  6850 | D:12     | Reached skill level 6 in Dodging
  6978 | D:12     | Reached skill level 15 in Maces & Flails
  6994 | D:12     | Learned a level 2 spell: Repel Missiles
  6997 | D:12     | Learned a level 2 spell: Swiftness
  7046 | D:12     | Noticed a hill giant
  7066 | D:12     | Killed a hill giant
  7066 | D:12     | Reached skill level 7 in Throwing
  7098 | D:12     | Reached XP level 12. HP: 122/127 MP: 15/15
  7328 | Lair:1   | Entered Level 1 of the Lair of Beasts
  7370 | Lair:1   | Reached skill level 8 in Throwing
  7426 | Lair:1   | Noticed Nergalle
  7771 | Lair:1   | Killed Nergalle
  7771 | Lair:1   | Reached skill level 11 in Fighting
  7771 | Lair:1   | Reached skill level 16 in Maces & Flails
  7955 | Lair:1   | Reached skill level 7 in Dodging
  8152 | Lair:3   | Received a gift from Okawaru
  8153 | Lair:3   | Got a shimmering cloak {god gift}
  8159 | Lair:3   | Identified the -3 cloak of the Iron Devil {god gift, rF+ rC+ MR+ Str+2} (Okawaru gifted it to you on level 3 of the Lair of Beasts)
  8334 | Lair:3   | Reached skill level 8 in Dodging
  8505 | Lair:4   | Found a staircase to the Swamp.
  8615 | Lair:4   | Reached skill level 12 in Fighting
  8789 | Lair:4   | Found a hole to the Spider Nest.
  8837 | Lair:5   | Reached skill level 1 in Evocations
  8900 | Lair:5   | Reached XP level 13. HP: 135/140 MP: 16/16
  8933 | Lair:5   | Reached skill level 9 in Dodging
  8933 | Lair:5   | Reached skill level 2 in Evocations
  9205 | Lair:5   | Noticed Nessos
  9225 | Lair:5   | Reached skill level 3 in Evocations
  9227 | Lair:5   | Killed Nessos
  9229 | Lair:5   | Reached skill level 10 in Dodging
  9308 | Lair:6   | Entered Level 6 of the Lair of Beasts
  9469 | Lair:6   | Reached skill level 4 in Evocations
  9648 | Lair:6   | Received a gift from Okawaru
  9661 | Lair:6   | Found a viscous altar of Jiyva.
  9666 | Lair:6   | Found a staircase to the Slime Pits.
  9757 | Lair:6   | Reached skill level 5 in Evocations
  9934 | Lair:6   | Received a gift from Okawaru
  9941 | Lair:6   | Reached skill level 6 in Evocations
 10053 | Lair:6   | Reached XP level 14. HP: 93/150 MP: 17/17
 10189 | Lair:6   | Received a gift from Okawaru
 10208 | Lair:6   | Reached skill level 13 in Fighting
 10243 | Lair:6   | Received a gift from Okawaru
 10243 | Lair:6   | Reached skill level 17 in Maces & Flails
 10319 | Lair:6   | Reached skill level 7 in Evocations
 10501 | Lair:6   | Received a gift from Okawaru
 10535 | Lair:6   | branded large shield :/
 10902 | D:12     | Found a staircase to the Orcish Mines.
 11029 | D:12     | Noticed Urug
 11034 | D:11     | Killed Urug
 11179 | D:12     | Received a gift from Okawaru
 11229 | Orc:1    | Entered Level 1 of the Orcish Mines
 11229 | Orc:1    | Found Puischiv's Book Shop.
 11433 | Orc:1    | Found a dark tunnel.
 11441 | Volcano  | Entered a volcano
 11458 | Volcano  | Reached skill level 8 in Evocations
 11532 | Volcano  | Reached skill level 14 in Fighting
 11965 | Orc:2    | Entered Level 2 of the Orcish Mines
 12462 | D:14     | Received a gift from Okawaru
 12509 | D:14     | Reached skill level 1 in Charms
 12509 | D:14     | Reached skill level 1 in Air Magic
 12595 | D:14     | Reached skill level 18 in Maces & Flails
 12604 | D:14     | Received a gift from Okawaru
 12604 | D:14     | Reached XP level 15. HP: 139/163 MP: 17/19
 12618 | D:14     | Got a smoking giant club {god gift}
 12619 | D:14     | Identified the +9 giant club of Massacring {god gift, protect, rF+ Int+3} (Okawaru gifted it to you on level 14 of the Dungeon)
 12830 | D:13     | Reached skill level 2 in Air Magic
 12872 | D:13     | Reached skill level 2 in Charms
 13052 | D:13     | Found a deep blue altar of Sif Muna.
 13263 | D:14     | Found a gate to the Vaults.
 13333 | D:14     | Reached skill level 3 in Air Magic
 13341 | D:14     | Reached skill level 3 in Charms
 13455 | D:15     | Entered Level 15 of the Dungeon
 13826 | D:14     | Reached skill level 4 in Air Magic
 13861 | D:14     | Found a sparkling altar of Nemelex Xobeh.
 13941 | D:15     | Reached skill level 4 in Charms
 14309 | D:12     | HP: 22/165 [asdu's ghost/bolt of lightning (46)]
 14311 | D:11     | OW
 14496 | D:12     | Killed asdu's ghost
 14496 | D:12     | Received a gift from Okawaru
 14499 | D:12     | Got a translucent hat {god gift}
 14505 | D:12     | Identified the +0 hat "Asutuxum" {god gift, MR- Int+5 Dex+4} (Okawaru gifted it to you on level 12 of the Dungeon)
 14535 | Orc:2    | Found Yjoqoyva's Antique Weapon Shop.
 14557 | Orc:2    | Found Alatia's Antique Armour Shoppe.
 14653 | Orc:2    | Found a staircase to the Elven Halls.
 14741 | Orc:2    | Noticed an orc warlord
 14924 | Orc:2    | Killed an orc warlord
 14937 | Orc:2    | Reached skill level 9 in Throwing
 15052 | Orc:2    | shield of the resistance
 15052 | Orc:2    | of course
 15125 | Orc:2    | Found Rikhupha's General Store.
 15152 | Orc:2    | Bought a potion of heal wounds for 65 gold pieces
 15152 | Orc:2    | Bought a potion of agility for 52 gold pieces
 15152 | Orc:2    | Bought a potion of might for 52 gold pieces
 15181 | Orc:2    | Found a roughly hewn altar of Beogh.
 15183 | Orc:2    | Found Run Ygiw's Jewellery Boutique.
 15191 | Orc:2    | Bought an uncursed ring of protection from magic for 400 gold pieces
 15236 | Orc:2    | i wanted to play without a shield
 15236 | Orc:2    | :/
 15236 | Orc:2    | and i will
 15236 | Orc:2    | fuck it
 15489 | D:11     | Bought a book of Minor Magic for 320 gold pieces
 15489 | D:11     | Bought a book of Battle for 640 gold pieces
 15493 | D:11     | Learned a level 3 spell: Regeneration
 15496 | D:11     | Learned a level 2 spell: Blink
 15500 | D:11     | Learned a level 3 spell: Spectral Weapon
 15503 | D:11     | Learned a level 2 spell: Song of Slaying
 15626 | Swamp:1  | Entered Level 1 of the Swamp
 15777 | Swamp:2  | Noticed a thorn hunter
 15793 | Swamp:2  | Killed a thorn hunter
 15793 | Swamp:2  | Reached skill level 15 in Fighting
 16002 | Swamp:1  | Received a gift from Okawaru
 16062 | Swamp:1  | Reached skill level 10 in Throwing
 16151 | Swamp:1  | Reached skill level 1 in Necromancy
 16157 | Swamp:1  | Reached XP level 16. HP: 176/176 MP: 17/20
 16179 | Swamp:1  | Noticed Donald
 16189 | Swamp:1  | Killed Donald
 16221 | Swamp:1  | Received a gift from Okawaru
 16262 | Swamp:1  | Learned a level 1 spell: Apportation
 16264 | Swamp:1  | Learned a level 1 spell: Summon Butterflies
 16386 | Swamp:3  | Noticed a thorn hunter
 16391 | Swamp:3  | Killed a thorn hunter
 16391 | Swamp:3  | Reached skill level 2 in Necromancy
 16506 | Swamp:3  | Reached skill level 11 in Throwing
 16516 | Swamp:4  | Entered Level 4 of the Swamp
 16545 | Swamp:3  | Received a gift from Okawaru
 16607 | Swamp:3  | Noticed a thorn hunter
 16630 | Swamp:3  | Killed a thorn hunter
 16967 | Swamp:2  | Reached skill level 3 in Necromancy
 17131 | Swamp:3  | Received a gift from Okawaru
 17177 | Swamp:4  | Noticed Kirke
 17192 | Swamp:4  | Killed Kirke
 17192 | Swamp:4  | Reached skill level 1 in Armour
 17256 | Swamp:4  | Noticed a thorn hunter
 17265 | Swamp:4  | Killed a thorn hunter
 17265 | Swamp:4  | Reached skill level 1 in Translocations
 17340 | Swamp:4  | Reached skill level 2 in Armour
 17580 | Swamp:4  | Noticed a thorn hunter
 17581 | Swamp:4  | Reached skill level 3 in Armour
 17586 | Swamp:4  | Killed a thorn hunter
 17600 | Swamp:4  | Reached skill level 2 in Translocations
 17674 | Swamp:4  | Reached skill level 4 in Armour
 17687 | Swamp:4  | Received a gift from Okawaru
 17748 | Swamp:4  | Received a gift from Okawaru
 17748 | Swamp:4  | Reached skill level 5 in Armour
 17779 | Swamp:4  | Received a gift from Okawaru
 17826 | Swamp:4  | Reached skill level 6 in Armour
 17917 | Swamp:4  | Received a gift from Okawaru
 17978 | Swamp:4  | Noticed a thorn hunter
 17988 | Swamp:4  | Killed a thorn hunter
 17990 | Swamp:4  | Reached XP level 17. HP: 156/184 MP: 13/21
 18001 | Swamp:4  | Reached skill level 7 in Armour
 18087 | Swamp:4  | Got a decaying rune of Zot
 18139 | Swamp:3  | Received a gift from Okawaru
 18139 | Swamp:3  | Reached skill level 4 in Necromancy
 18436 | Lair:4   | this is going to be a disaster
 18437 | Spider:1 | Entered Level 1 of the Spider Nest
 18485 | Spider:1 | Received a gift from Okawaru
 18487 | Spider:1 | Got a scorched giant club {god gift}
 18488 | Spider:1 | Identified the +3 giant club of Icied {god gift, crush, rElec Str+4} (Okawaru gifted it to you on level 1 of the Spider Nest)
 18489 | Spider:1 | oh
 18553 | Spider:2 | Reached skill level 3 in Translocations
 18888 | Spider:2 | Noticed Azrael
 18895 | Spider:2 | Killed Azrael
 19042 | Spider:2 | Paralysed by a hornet for 3 turns
 19052 | Spider:2 | Reached skill level 4 in Translocations
 19171 | Spider:4 | Entered Level 4 of the Spider Nest
 19297 | Spider:4 | Reached skill level 5 in Charms
 19508 | Spider:4 | Received a gift from Okawaru
 19508 | Spider:4 | Reached skill level 3 in Spellcasting
 19568 | Spider:4 | Reached skill level 5 in Necromancy
 19578 | Spider:4 | Reached skill level 5 in Translocations
 19697 | Spider:4 | Received a gift from Okawaru
 19749 | Spider:4 | Reached skill level 4 in Spellcasting
 19886 | Spider:4 | Reached skill level 5 in Spellcasting
 19900 | Spider:4 | Reached skill level 6 in Spellcasting
 19918 | Spider:4 | Received a gift from Okawaru
 19918 | Spider:4 | Reached skill level 7 in Spellcasting
 19942 | Spider:4 | Got a gossamer rune of Zot
 19948 | Spider:4 | sub 20k 2 runes, not bad for me
 20286 | Spider:3 | Received a gift from Okawaru
 20303 | Spider:3 | Reached skill level 8 in Spellcasting
 20636 | Vaults:1 | Entered Level 1 of the Vaults
 20672 | Vaults:1 | Reached XP level 18. HP: 192/193 MP: 27/27
 20793 | Vaults:1 | Reached skill level 12 in Throwing
 20933 | Vaults:1 | Found Kahuafis's Antique Weapon Emporium.
 20990 | Vaults:1 | Reached skill level 8 in Invocations
 21022 | Vaults:1 | Bought a glowing blowgun for 357 gold pieces
 21275 | Vaults:2 | Received a gift from Okawaru
 21393 | Vaults:2 | Found a staircase to the Crypt.
 21435 | Vaults:3 | Received a gift from Okawaru
 21550 | Vaults:3 | Reached ****** piety under Okawaru
 21550 | Vaults:3 | Reached skill level 13 in Throwing
 21677 | Vaults:3 | Reached skill level 16 in Fighting
 21680 | Vaults:3 | Received a gift from Okawaru
 22039 | Vaults:4 | HP: 39/196 [phantasmal warrior[a death knight] (27)]
 22044 | Vaults:4 | HP: 29/196 [yaktaur captain (7)]
 22057 | Vaults:4 | HP: 39/196 [flayed ghost/flay_damage[a death knight] (16)]
 22171 | Vaults:4 | Reached skill level 8 in Armour
 22206 | Vaults:4 | Received a gift from Okawaru
 22215 | Vaults:4 | Received a gift from Okawaru
 22225 | Vaults:4 | Reached XP level 19. HP: 206/206 MP: 23/28
 22416 | Vaults:4 | Reached skill level 14 in Throwing
 23059 | Vaults:3 | Reached skill level 17 in Fighting
 23282 | Vaults:4 | Reached skill level 15 in Throwing
 23329 | Vaults:4 | Received a gift from Okawaru
 23487 | Vaults:4 | Got a smoking giant spiked club {god gift}
 23488 | Vaults:4 | Identified the +9 giant spiked club of Kajir {god gift, elec, rElec rC++ Str+3} (Okawaru gifted it to you on level 4 of the Vaults)
 23489 | Vaults:4 | oooh
 23707 | Vaults:4 | Learned a level 7 spell: Malign Gateway
 23845 | Vaults:2 | Reached skill level 6 in Charms
 24274 | Vaults:1 | Noticed Aizul
 24290 | Vaults:2 | Killed Aizul
 24290 | Vaults:2 | Received a gift from Okawaru
 24326 | Vaults:1 | Reached XP level 20. HP: 220/221 MP: 27/28
 24405 | Vaults:1 | Reached skill level 16 in Throwing
 24422 | Vaults:1 | Received a gift from Okawaru
 24459 | Vaults:1 | Reached skill level 18 in Fighting
 24868 | D:11     | Bought a manual of Maces & Flails for 1766 gold pieces
 24966 | Elf:1    | Entered Level 1 of the Elven Halls
 24984 | Elf:1    | Received a gift from Okawaru
 25000 | Elf:1    | Found a radiant altar of Vehumet.
 25185 | Elf:1    | Found Waploce's Assorted Antiques.
 25257 | Elf:1    | Received a gift from Okawaru
 25257 | Elf:1    | Reached skill level 19 in Maces & Flails
 25345 | Elf:1    | Got a bloodstained cloak {god gift}
 25367 | Elf:1    | Identified the +0 cloak "Meuzonet" {god gift, rElec rN++} (Okawaru gifted it to you on level 1 of the Elven Halls)
 25367 | Elf:1    | okay, this is nice
 25449 | Elf:1    | Learned a level 1 spell: Animate Skeleton
 25494 | Elf:1    | Reached skill level 20 in Maces & Flails
 25688 | Elf:1    | Identified Sif Muna's Compendium of Supportive Arcane Weapons
 25695 | Elf:1    | Learned a level 5 spell: Summon Mana Viper
 25790 | Elf:2    | Noticed Louise
 25894 | Elf:2    | Reached skill level 21 in Maces & Flails
 25919 | Elf:2    | Killed Louise
 25922 | Elf:2    | Identified the +5 large shield of the Apprentice {Stlth+} (You took it off Louise on level 2 of the Elven Halls)
 25942 | Elf:2    | Found a frozen archway.
 25977 | IceCv    | Entered an ice cave
 26000 | IceCv    | Noticed simples's ghost (journeyman FoAK)
 26009 | IceCv    | Killed simples's ghost
 26209 | Elf:2    | Reached skill level 22 in Maces & Flails
 26361 | Elf:3    | Entered Level 3 of the Elven Halls
 26432 | Elf:3    | Found a radiant altar of Vehumet.
 26758 | Elf:3    | Reached skill level 23 in Maces & Flails
 26811 | Elf:3    | Received a gift from Okawaru
 26991 | Elf:3    | Reached XP level 21. HP: 172/230 MP: 16/30
 27405 | Elf:3    | Reached skill level 24 in Maces & Flails
 27454 | Elf:3    | Reached skill level 11 in Dodging
 27487 | Elf:3    | Identified Haasaage's Guide on Flight
 27549 | Elf:3    | Identified the Catalogue of Snow and Attacks
 27556 | Elf:3    | Learned a level 5 spell: Irradiate
 27559 | Elf:3    | do i really have to go with a fire dragon scales
 27559 | Elf:3    | i probably do
 27805 | Elf:3    | Found Eraoseno's Magic Scroll Shoppe.
 27812 | Elf:3    | Bought 2 scrolls of enchant armour for 195 gold pieces
 27812 | Elf:3    | Bought a scroll of fog for 26 gold pieces
 27812 | Elf:3    | Bought a scroll of fog for 26 gold pieces
 27812 | Elf:3    | Bought a scroll of fear for 45 gold pieces
 28085 | Elf:1    | Reached skill level 1 in Conjurations
 28111 | Elf:1    | Reached skill level 1 in Transmutations
 28238 | D:13     | 13 ev
 28238 | D:13     | exquisite
 28623 | D:15     | Found a staircase to the Depths.
 28649 | Depths:1 | Entered Level 1 of the Depths
 28705 | Depths:1 | Reached skill level 2 in Conjurations
 28712 | Depths:1 | Reached skill level 2 in Transmutations
 28962 | Depths:1 | Noticed Asterion
 28984 | Depths:1 | Killed Asterion
 29006 | Depths:1 | Reached skill level 3 in Transmutations
 29019 | Depths:1 | Received a gift from Okawaru
 29025 | Depths:1 | Reached skill level 3 in Conjurations
 29099 | Depths:1 | Noticed Sojobo
 29124 | Depths:1 | Killed Sojobo
 29139 | Depths:1 | Reached skill level 4 in Transmutations
 29212 | Depths:1 | Found a one-way gate leading to the halls of Pandemonium.
 29236 | Depths:1 | Reached skill level 4 in Conjurations
 29257 | Depths:1 | Received a gift from Okawaru
 29259 | Depths:1 | Found a gateway to Hell.
 29383 | Depths:1 | Found a gateway to a ziggurat.
 29385 | Depths:1 | Noticed Mara
 29389 | Depths:1 | Noticed Leszczynek's illusion
 29667 | Depths:1 | Noticed Leszczynek's illusion
 29675 | D:15     | Noticed Leszczynek's illusion
 29676 | D:15     | Killed Mara
 29899 | Depths:2 | Reached skill level 5 in Transmutations
 29912 | Depths:1 | Reached XP level 22. HP: 190/239 MP: 22/30
 30061 | Depths:1 | Reached skill level 5 in Conjurations
 30486 | Depths:1 | lajatang of order
 30486 | Depths:1 | hmmmmmmmmmmm
 30564 | Depths:2 | Identified a scroll of acquirement
 30706 | Depths:2 | Reached skill level 12 in Dodging
 30733 | Depths:2 | Reached skill level 9 in Armour
 30740 | Depths:2 | Noticed Bai Suzhen
 30758 | Depths:2 | Killed Bai Suzhen
 30817 | Depths:2 | Found Niaj's Gadget Boutique.
 31043 | Depths:3 | Found Ikug's Weapon Boutique.
 31063 | Depths:3 | Received a gift from Okawaru
 31069 | Depths:3 | Got a distressingly furry cloak {god gift}
 31080 | Depths:3 | Identified the +1 cloak "Nirah" {god gift, rPois rC- Int+7} (Okawaru gifted it to you on level 3 of the Depths)
 31381 | Depths:4 | Reached skill level 10 in Armour
 31452 | Depths:4 | Reached skill level 13 in Dodging
 31508 | Depths:4 | Noticed a caustic shrike
 31514 | Depths:4 | Killed a caustic shrike
 31516 | Depths:4 | Noticed a caustic shrike
 31524 | Depths:4 | Noticed a golden dragon
 31526 | Depths:4 | Killed a caustic shrike
 31532 | Depths:4 | Killed a golden dragon
 31535 | Depths:4 | Noticed a caustic shrike
 31536 | Depths:4 | Noticed a caustic shrike
 31545 | Depths:4 | Killed a caustic shrike
 31715 | Depths:4 | Killed a caustic shrike
 31715 | Depths:4 | Reached skill level 14 in Dodging
 31834 | Depths:4 | Reached XP level 23. HP: 127/247 MP: 2/31
 32108 | Depths:4 | Received a gift from Okawaru
 32132 | Depths:4 | Received a gift from Okawaru
 32132 | Depths:4 | Reached skill level 17 in Throwing
 32145 | Depths:4 | Reached skill level 9 in Invocations
 32550 | Depths:5 | Entered Level 5 of the Depths
 32635 | Depths:5 | Received a gift from Okawaru
 32875 | Depths:5 | Found Wompoimp's Armour Shoppe.
 32948 | Depths:5 | Noticed a golden dragon
 32959 | Depths:5 | Killed a golden dragon
 33121 | Depths:5 | Found a gate to the Realm of Zot.
 33122 | Depths:5 | Noticed a golden dragon
 33143 | Depths:5 | Killed a golden dragon
 33151 | Depths:5 | Reached skill level 10 in Invocations
 33221 | Depths:5 | Reached skill level 19 in Fighting
 33221 | Depths:5 | Reached skill level 18 in Throwing
 33292 | Depths:5 | Reached skill level 1 in Hexes
 33488 | Depths:4 | Found a one-way gate to the infinite horrors of the Abyss.
 33491 | Depths:4 | Found a corrupted altar of Lugonu.
 33589 | Depths:3 | Found Aqunem's Armour Emporium.
 33589 | Depths:3 | Found Emniklos's Antique Armour Shoppe.
 33591 | Depths:3 | Found Keoschaet's Antique Armour Shoppe.
 33592 | Depths:3 | Found Aleebo's Distillery.
 33655 | Depths:3 | Bought a potion of cure mutation for 400 gold pieces
 33655 | Depths:3 | Bought 2 potions of cancellation for 256 gold pieces
 33655 | Depths:3 | Bought a potion of heal wounds for 80 gold pieces
 33655 | Depths:3 | Bought a potion of ambrosia for 128 gold pieces
 33655 | Depths:3 | Bought a potion of heal wounds for 80 gold pieces
 33655 | Depths:3 | Bought a potion of curing for 48 gold pieces
 33655 | Depths:3 | Bought a potion of ambrosia for 128 gold pieces
 33683 | Depths:3 | Reached skill level 2 in Hexes
 33874 | Depths:3 | Reached skill level 3 in Hexes
 34291 | Vaults:2 | Reached XP level 24. HP: 257/261 MP: 31/31
 34304 | Vaults:2 | Received a gift from Okawaru
 34313 | Vaults:2 | Reached skill level 4 in Hexes
 34425 | Vaults:2 | Received a gift from Okawaru
 34505 | Vaults:3 | Reached skill level 5 in Hexes
 34589 | Vaults:3 | Reached skill level 5 in Air Magic
 34802 | Vaults:4 | this is going to be totally fine
 34807 | Vaults:5 | Entered Level 5 of the Vaults
 34844 | Vaults:4 | Received a gift from Okawaru
 34892 | Vaults:4 | nope, i'm dead in extended
 34892 | Vaults:4 | 100% sure
 34961 | Vaults:4 | Reached skill level 6 in Hexes
 35186 | Vaults:5 | Reached skill level 6 in Air Magic
 35201 | Vaults:5 | Got a silver rune of Zot
 35210 | Vaults:5 | Reached skill level 7 in Hexes
 35223 | Vaults:5 | Received a gift from Okawaru
 35433 | Vaults:5 | Reached skill level 8 in Hexes
 35617 | Vaults:5 | Reached skill level 7 in Air Magic
 35658 | Vaults:5 | HP: 42/261 [yaktaur captain/spear of venom (17)]
 35663 | Vaults:5 | HP: 40/261 [poisoned by a yaktaur captain]
 35668 | Vaults:5 | HP: 40/261 [poisoned by a yaktaur captain]
 35673 | Vaults:5 | HP: 44/261 [poisoned by a yaktaur captain]
 35780 | Vaults:5 | Reached skill level 9 in Hexes
 35890 | Vaults:5 | Reached XP level 25. HP: 228/269 MP: 28/31
 35972 | Vaults:5 | Received a gift from Okawaru
 35994 | Vaults:5 | Identified the ring "Buwnusch" {rPois rC+ MR- Str+4 Int+3} (You took it off an orc wizard on level 5 of the Vaults)
 36138 | Vaults:5 | Received a gift from Okawaru
 36138 | Vaults:5 | Reached skill level 10 in Hexes
 36163 | Vaults:5 | Got a fine giant club {god gift}
 36179 | Vaults:5 | HP: 49/269 [flayed ghost/flay_damage (29)]
 36193 | Vaults:5 | Identified the +3 giant club "Wuviar" {god gift, drain, rF+ Stlth+} (Okawaru gifted it to you on level 5 of the Vaults)
 36266 | Vaults:5 | Reached skill level 8 in Air Magic
 36271 | Vaults:5 | Noticed Frank's ghost (veteran GrFi)
 36307 | Vaults:5 | Killed Frank's ghost
 36493 | Vaults:5 | Got a pitted morningstar {elec}
 36494 | Vaults:5 | Identified the cursed +1 morningstar "Qiashecy" {elec, rN+} (You took it off a yaktaur captain on level 5 of the Vaults)
 36622 | Vaults:5 | Reached skill level 9 in Air Magic
 36733 | Vaults:5 | Received a gift from Okawaru
 36767 | Vaults:5 | hm
 37259 | Elf:3    | Learned a level 5 spell: Silence
 37261 | Elf:3    | 19/16/0
 37261 | Elf:3    | slime will be marvelous
 37670 | Elf:1    | Bought a scroll of blinking for 247 gold pieces
 37670 | Elf:1    | Bought a scroll of enchant armour for 247 gold pieces
 37670 | Elf:1    | Bought a scroll of teleportation for 99 gold pieces
 37670 | Elf:1    | Bought a scroll of enchant weapon for 247 gold pieces
 37991 | Crypt:1  | Entered Level 1 of the Crypt
 38091 | Crypt:1  | Received a gift from Okawaru
 38233 | Crypt:1  | Reached skill level 9 in Spellcasting
 38473 | Crypt:2  | Reached skill level 10 in Air Magic
 38521 | Crypt:3  | Entered Level 3 of the Crypt
 38569 | Crypt:3  | Reached skill level 3 in Summonings
 39017 | Crypt:3  | Reached skill level 10 in Spellcasting
 39017 | Crypt:3  | Reached skill level 4 in Summonings
 39019 | Crypt:3  | Noticed Frederick
 39034 | Crypt:3  | Killed Frederick
 39467 | Crypt:3  | Noticed Xtahua
 39486 | Crypt:3  | Killed Xtahua
 39486 | Crypt:3  | Reached skill level 5 in Summonings
 39624 | Crypt:3  | Reached skill level 11 in Spellcasting
 39746 | Crypt:3  | Found a staircase to the Tomb.
 39760 | Crypt:3  | Received a gift from Okawaru
 39760 | Crypt:3  | Reached XP level 26. HP: 278/278 MP: 34/34
 39765 | Crypt:3  | Noticed an ancient lich
 39780 | Crypt:3  | Killed an ancient lich
 39787 | Crypt:3  | Reached skill level 6 in Summonings
 39817 | Crypt:3  | Got a transparent giant club {god gift}
 39818 | Crypt:3  | Identified the +6 giant club "Ingownurr" {god gift, flame, rPois} (Okawaru gifted it to you on level 3 of the Crypt)
 39856 | Crypt:3  | Learned a level 4 spell: Passage of Golubria
 39856 | Crypt:3  | thank god
 39856 | Crypt:3  | at least this is here
 39876 | Tomb:1   | Entered Level 1 of the Tomb of the Ancients
 39992 | Tomb:1   | Reached skill level 12 in Spellcasting
 40173 | Tomb:1   | Reached skill level 6 in Translocations
 40209 | Tomb:1   | Noticed a greater mummy
 40236 | Tomb:1   | Killed a greater mummy
 40298 | Tomb:1   | Noticed a greater mummy
 40314 | Tomb:1   | HP: 39/275 [??? (19)]
 40317 | Tomb:1   | HP: 17/275 [greater mummy (9)]
 40317 | Tomb:1   | HP: 3/275 [emperor scorpion[a greater mummy] (6)]
 40317 | Tomb:1   | Slain by an emperor scorpion

Skill      XL: |  1  2  3  4  5  6  7  8  9 10 11 12 13 14 15 16 17 18 19 20 21 22 23 24 25 26 |
---------------+-------------------------------------------------------------------------------+-----
Fighting       | 1 4 6 8 10 12 14 15 16 17 18 19 | 19.0
Maces & Flails | 1 3 4 5 7 9 10 11 13 14 15 16 18 23 24 | 24.2
Dodging        | 3 4 6 8 10 11 14 | 14.7
Invocations    | 2 6 7 8 10 | 10.1
Throwing       | 2 7 8 10 11 13 15 16 18 | 18.0
Evocations     | 1 6 8 |  8.6
Charms         | 1 4 5 6 |  6.6
Air Magic      | 1 4 7 10 | 10.0
Necromancy     | 1 3 5 |  5.1
Armour         | 6 7 8 10 | 10.0
Translocations | 2 5 6 |  6.5
Spellcasting   | 8 11 12 | 12.2
Conjurations   | 4 5 |  5.6
Transmutations | 5 |  5.5
Hexes          | 3 9 10 | 10.2
Summonings     | 5 6 |  6.0
Stealth        | |  1.4

Action                   |  1- 3 |  4- 6 |  7- 9 | 10-12 | 13-15 | 16-18 | 19-21 | 22-24 | 25-27 || total
-------------------------+-------+-------+-------+-------+-------+-------+-------+-------+-------++-------
Melee: Club              |    39 |       |       |       |       |       |       |       |       ||    39
       Unarmed           |     2 |       |       |       |       |       |       |       |       ||     2
       Mace              |    62 |    89 |       |       |       |       |       |       |       ||   151
       Flail             |       |    79 |   146 |       |       |       |       |       |       ||   225
       Giant club        |       |       |   195 |   618 |  1034 |  1192 |  1355 |  1185 |       ||  5579
       Giant spiked club |       |       |       |       |       |       |    28 |   318 |   720 ||  1066
Throw: Tomahawk          |       |       |     3 |    11 |     6 |       |       |       |       ||    20
       Large rock        |       |       |       |     3 |    67 |   109 |   118 |   121 |    86 ||   504
 Cast: Summon Small Mamm |     5 |       |       |       |       |       |       |       |       ||     5
       Call Imp          |     8 |    18 |     8 |     2 |       |       |       |       |       ||    36
       Call Canine Famil |       |     8 |    22 |     5 |       |       |       |       |       ||    35
       Repel Missiles    |       |       |       |       |     2 |     3 |     6 |     8 |     5 ||    24
       Blink             |       |       |       |       |       |     2 |       |     3 |       ||     5
       Regeneration      |       |       |       |       |       |     8 |    11 |    73 |    62 ||   154
       Apportation       |       |       |       |       |       |    16 |     5 |    11 |    59 ||    91
       Song of Slaying   |       |       |       |       |       |       |     2 |       |       ||     2
       Silence           |       |       |       |       |       |       |       |       |     3 ||     3
       Spectral Weapon   |       |       |       |       |       |       |       |       |     1 ||     1
Invok: Heroism           |       |       |     7 |    24 |    37 |    36 |    26 |    27 |    10 ||   167
       Finesse           |       |       |       |     3 |     7 |     8 |     6 |     6 |     4 ||    34
Evoke: Wand              |       |       |       |    13 |     3 |     9 |     1 |     2 |       ||    28
       Lamp of fire      |       |       |       |       |     2 |     4 |     2 |     1 |       ||     9
  Use: Scroll            |       |     6 |     2 |    15 |    12 |    11 |    17 |     7 |     5 ||    75
       Potion            |       |       |     1 |     2 |     3 |       |       |       |       ||     6
 Stab: Sleeping          |     7 |     1 |     1 |     7 |     1 |       |       |       |       ||    17
       Distracted        |       |     2 |     7 |       |     1 |       |       |     1 |       ||    11
       Invisible         |       |       |       |       |     1 |       |       |       |       ||     1
       Paralysed         |       |       |       |       |     3 |     7 |       |       |       ||    10
       Confused          |       |       |       |       |       |     3 |       |       |       ||     3
  Eat: Chunk             |     1 |     6 |    12 |    18 |    20 |    16 |    20 |    17 |     8 ||   118
       Pizza             |       |     1 |       |       |     1 |     2 |     1 |       |     3 ||     8
       Fruit             |       |       |       |       |     4 |       |       |       |       ||     4
       Bread ration      |       |       |       |       |     1 |     1 |       |     2 |     2 ||     6
       Royal jelly       |       |       |       |       |       |     4 |     1 |       |       ||     5
       Beef jerky        |       |       |       |       |       |     1 |     5 |     1 |     1 ||     8
Armor: Robe              |    32 |    35 |    85 |    87 |     4 |       |       |       |       ||   243
       Mottled dragon sc |       |       |       |       |   239 |    25 |       |       |       ||   264
       Swamp dragon scal |       |       |       |       |       |   368 |   296 |       |       ||   664
       Fire dragon scale |       |       |       |       |       |       |   125 |   633 |   234 ||   992
Dodge: Dodged            |    67 |    96 |   179 |   429 |   755 |   802 |   815 |   909 |   360 ||  4412
       Deflected         |       |       |       |       |     2 |    11 |    35 |    36 |    12 ||    96
